Map: Forbidden Planet

Players

Myhome

  • Race: Protoss Protoss
  • League: Diamond
  • Spawn Location: 7:00

SHreddedWInd

  • Race: Terran Terran
  • League: Diamond
  • Spawn Location: 5:00

Yata

  • Race: Terran Terran
  • League: Platinum
  • Spawn Location: 7:00

VOD

Have the link to the VOD?

Description

Time

  • Played on: Sept. 23, 2017, 11:12 p.m.
  • Length: 18:33
Show
View Real Time Build Order
Export as new Build Order

Myhome Protoss 

Build Orders: Dark Templar Rush 

Get SALT Encoding   

  12  0:02  Probe (Chrono Boost)  
  13  0:12  Probe (Chrono Boost)  
  14  0:17  Pylon  
  14  0:23  Probe (Chrono Boost)  
  16  0:35  Probe (Chrono Boost)  
  16  0:36  Pylon  
  16  0:44  Gateway  
  16  0:48  Probe (Chrono Boost)  
  17  0:55  Assimilator  
  17  0:59  Probe (Chrono Boost)  
  18  1:06  Assimilator  
  18  1:10  Probe (Chrono Boost)  
  19  1:20  Probe (Chrono Boost)  
  20  1:32  Cybernetics Core  
  20  1:36  Probe (Chrono Boost)  
  21  1:46  Probe (Chrono Boost)  
  22  1:57  Probe (Chrono Boost)  
  22  2:00  Nexus  
  23  2:12  Twilight Council  
  23  2:28  Probe (Chrono Boost)  
  24  2:30  Warp Gate (Chrono Boost)  
  24  2:32  Adept  
  26  2:38  Probe (Chrono Boost)  
  26  2:39  Pylon  
  27  2:59  Robotics Facility  
  27  3:23  Probe x2 (Chrono Boost)  
  29  3:34  Dark Shrine  
  29  3:38  Nexus  
  29  3:40  Probe x2 (Chrono Boost)  
  31  3:50  Adept  
  33  3:55  Warp Prism  
  33  3:59  Probe (Chrono Boost)  
  33  4:00  Probe (Chrono Boost)  
  37  4:10  Probe  
  37  4:11  Probe  
  39  4:20  Probe  
  39  4:22  Assimilator  
  39  4:23  Probe  
  41  4:27  Assimilator  
  41  4:34  Mothership Core  
  41  4:37  Pylon  
  43  4:40  Pylon  
  43  4:42  Probe  
  44  4:51  Gateway  
  44  4:53  Gateway  
  44  4:54  Probe  
  44  4:56  Shadow Stride  
  45  5:01  Probe  
  45  5:03  Probe  
  45  5:06  Probe  
  48  5:12  Probe  
  49  5:16  Pylon  
  49  5:20  Pylon  
  49  5:23  Probe  
  49  5:25  Probe  
  49  5:27  Forge, Probe  
  52  5:32  Pylon  
  52  5:33  Probe  
  53  5:36  Probe  
  53  5:39  Probe  
  55  5:44  Probe  
  55  5:49  Dark Templar  
  58  5:50  Dark Templar x2  
  58  5:53  Probe  
  58  5:54  Probe x2  
  65  6:15  Probe x2  
  65  6:17  Probe  
  68  6:26  Probe  
  68  6:30  Adept  
  68  6:31  Adept x2  
  75  6:33  Protoss Ground Weapons Level 1  
  75  6:37  Forge  
  75  6:38  Probe x2  
  75  6:39  Probe  
  78  6:41  Nexus  
  78  6:46  Photon Cannon  
  78  6:48  Probe  
  78  6:49  Probe  
  78  6:51  Probe  
  78  6:52  Photon Cannon, Nexus  
  81  6:58  Photon Cannon  
  81  7:37  Probe x2  
  81  7:39  Probe  
  84  7:48  Probe  
  84  7:51  Probe  
  82  7:55  Probe  
  83  7:58  Probe  
  83  8:03  Probe  
  85  8:07  Gateway  
  85  8:08  Gateway  
  85  8:11  Protoss Shields Level 1, Pylon x2  
  85  8:12  Pylon  
  85  8:14  Pylon, Probe x4  
  85  8:15  Probe  
  85  8:19  Assimilator  
  90  8:21  Assimilator  
  90  8:24  Probe x2  
  90  8:25  Probe x2  
  94  8:27  Probe  
  94  8:31  Photon Cannon  
  95  8:35  Photon Cannon, Probe  
  95  8:39  Dark Templar x3  
  92  9:13  Warp Prism  
  94  9:23  Blink  
  94  9:24  Pylon, Protoss Air Weapons Level 1  
  94  9:26  Protoss Ground Weapons Level 2  
  94  9:28  Pylon  
  94  9:31  Pylon, Zealot x2  
  94  9:32  Zealot x3  
  94  9:34  Pylon, Probe x3  
  94  9:35  Probe  
  108  9:38  Pylon  
  108  9:41  Pylon  
  108  9:43  Pylon  
  108  9:44  Pylon  
  102  9:46  Gateway  
  102  9:50  Probe x4  
  102  9:51  Probe  
  103  9:59  Dark Templar  
  105  10:00  Dark Templar  
  105  10:03  Sentry x3, Probe  
  105  10:05  Protoss Ground Armor Level 1  
  114  10:07  Probe x4  
  114  10:13  Assimilator  
  118  10:15  Assimilator x2, Probe  
  118  10:16  Assimilator  
  118  10:17  Probe x2  
  121  10:25  Pylon  
  121  10:28  Pylon x2  
  121  10:30  Pylon  
  121  10:32  Stargate  
  121  10:33  Stargate  
  121  11:08  Stargate  
  121  11:09  Stargate  
  121  11:11  Stargate  
  121  11:13  Stargate  
  121  11:16  Stargate  
  121  11:29  Photon Cannon  
  121  11:32  Photon Cannon  
  121  11:34  Photon Cannon  
  121  11:35  Probe x3  
  121  11:36  Probe  
  121  11:38  Photon Cannon  
  125  11:54  Dark Templar x2  
  125  12:16  Fleet Beacon  
  121  12:34  Sentry  
  121  12:35  Sentry x3  
  127  12:58  Protoss Air Armor Level 1  
  127  13:06  Carrier x2  
  127  13:07  Carrier x3  
  157  13:26  Carrier x2  
  169  13:39  Cybernetics Core  
  169  14:32  Carrier x3  
  187  14:40  Carrier  
  187  14:41  Carrier  
  199  14:52  Protoss Air Weapons Level 2 (Chrono Boost)  
  195  15:04  Graviton Catapult  
  195  15:07  Observer  
  194  15:29  Observer  
  194  15:30  Protoss Air Armor Level 2 (Chrono Boost)  
  189  15:41  Mothership Core  
  191  15:44  Carrier  
  195  15:50  Observer  
  177  16:12  Observer  
  177  16:15  Nexus  
  160  16:27  Assimilator  
  160  16:32  Assimilator  
  160  16:33  Observer  
  161  16:47  Nexus  
  167  16:48  Carrier x4  
  167  16:49  Assimilator  
  167  16:53  Assimilator  
Show
View Real Time Build Order
Export as new Build Order

SHreddedWInd Terran 

Build Orders: Command Center First (CC) 

Get SALT Encoding   

  12  0:01  SCV  
  13  0:13  SCV  
  14  0:22  Supply Depot  
  14  0:25  SCV  
  15  0:43  SCV  
  16  0:57  Command Center  
  16  1:01  SCV  
  17  1:13  SCV  
  17  1:15  Barracks  
  18  1:25  SCV  
  19  1:37  SCV  
  20  1:40  Refinery  
  20  1:50  SCV  
  20  1:54  Engineering Bay  
  21  2:02  SCV  
  22  2:14  SCV  
  23  2:17  SCV  
  23  2:22  Command Center  
  24  2:26  SCV  
  26  2:30  SCV  
  26  2:42  SCV  
  28  2:51  Marine  
  29  3:01  Orbital Command  
  29  3:04  Command Center  
  28  3:06  Planetary Fortress  
  28  3:09  Marine  
  29  3:31  Marine  
  30  3:38  SCV, Bunker  
  31  3:50  SCV  
  32  3:55  Missile Turret  
  32  3:56  SCV  
  32  3:57  Missile Turret  
  32  4:00  Missile Turret  
  32  4:02  Orbital Command  
  33  4:04  SCV  
  33  4:08  SCV  
  35  4:16  SCV  
  36  4:30  SCV  
  37  4:32  Refinery  
  37  4:34  Planetary Fortress  
  37  4:36  SCV  
  38  4:42  SCV  
  39  4:48  SCV  
  40  4:54  SCV x2  
  40  4:59  Factory, Refinery  
  42  5:01  SCV  
  42  5:05  Command Center  
  42  5:06  SCV  
  42  5:07  SCV  
  45  5:10  SCV  
  45  5:13  SCV  
  47  5:14  Refinery  
  47  5:15  Refinery  
  47  5:18  Command Center  
  47  5:19  SCV  
  48  5:23  SCV  
  48  5:25  SCV  
  50  5:31  Missile Turret  
  50  5:32  Missile Turret  
  50  5:36  Missile Turret  
  50  5:37  SCV, Missile Turret  
  51  5:49  SCV x2  
  53  5:51  SCV  
  53  5:52  Refinery  
  53  5:54  Missile Turret  
  54  5:57  Missile Turret  
  54  6:01  SCV  
  54  6:03  SCV, Command Center  
  56  6:11  Marine  
  46  6:14  Widow Mine  
  46  6:16  SCV  
  46  6:18  SCV  
  51  6:19  SCV  
  51  6:20  Orbital Command  
  52  6:29  Marine, SCV  
  52  6:30  SCV  
  52  6:31  SCV  
  56  6:33  Command Center  
  56  6:37  Bunker  
  56  6:40  SCV  
  56  6:41  SCV  
  56  6:43  Refinery, SCV  
  56  6:44  Orbital Command  
  59  6:51  SCV  
  59  6:52  SCV  
  59  6:53  SCV  
  62  6:55  SCV  
  63  7:03  SCV  
  63  7:06  SCV  
  63  7:07  SCV  
  66  7:09  Starport  
  66  7:11  Starport  
  66  7:12  Starport  
  66  7:15  SCV  
  67  7:18  SCV  
  67  7:19  Orbital Command  
  68  7:25  SCV  
  69  7:31  SCV  
  70  7:37  SCV  
  70  7:38  SCV  
  70  7:43  SCV, Command Center  
  73  7:49  Starport Tech Lab  
  73  7:50  Starport Tech Lab, SCV  
  74  7:52  Starport Tech Lab  
  74  7:55  Fusion Core  
  74  7:58  Starport  
  74  7:59  Starport  
  74  8:00  SCV  
  74  8:01  SCV, Starport  
  76  8:08  SCV  
  76  8:10  SCV  
  76  8:11  SCV  
  76  8:12  SCV  
  80  8:14  SCV  
  81  8:20  SCV  
  81  8:22  SCV  
  81  8:23  SCV  
  84  8:34  Armory, Planetary Fortress  
  84  8:39  Command Center  
  84  8:41  Armory  
  84  8:46  Battlecruiser x3  
  84  8:47  Starport Tech Lab  
  102  8:49  Starport Tech Lab  
  102  8:55  SCV  
  102  8:57  Refinery  
  102  8:58  SCV  
  102  9:01  Starport Tech Lab  
  104  9:07  SCV, Orbital Command  
  104  9:09  SCV  
  106  9:10  SCV x2  
  106  9:16  Battlecruiser x2  
  120  9:21  SCV  
  120  9:22  SCV  
  120  9:23  SCV  
  123  9:26  Terran Ship Weapons Level 1  
  123  9:29  Terran Vehicle And Ship Armor Level 1  
  123  9:34  SCV  
  124  9:41  Command Center  
  124  9:43  Command Center  
  124  9:46  Command Center  
  124  9:47  Raven  
  124  9:50  Battlecruiser x2  
  138  9:57  Refinery x2  
  138  10:03  Battlecruiser  
  144  10:21  Battlecruiser  
  150  10:31  Battlecruiser  
  156  10:53  Battlecruiser  
  156  10:55  Command Center  
  156  10:56  Battlecruiser  
  168  10:59  SCV  
  168  11:03  Orbital Command x3  
  169  11:11  SCV, Command Center  
  169  11:12  Battlecruiser  
  169  11:13  Command Center  
  169  11:17  Command Center  
  176  11:23  SCV, Battlecruiser  
  183  11:37  Battlecruiser  
  189  11:42  Weapon Refit  
  189  11:47  Command Center  
  189  11:51  Battlecruiser  
  195  11:54  Terran Ship Weapons Level 2  
  194  12:09  Battlecruiser  
  200  12:17  Refinery  
  200  12:21  Terran Vehicle And Ship Armor Level 2  
  200  12:42  Orbital Command x2  
  200  12:43  Orbital Command  
  200  12:47  Command Center  
  200  12:52  Orbital Command  
  200  13:21  Command Center  
  200  13:22  Command Center x2  
  200  13:24  Command Center  
  200  13:26  Orbital Command, Command Center  
  185  14:20  Battlecruiser x2  
  196  14:35  Orbital Command  
  196  15:00  Planetary Fortress  
  196  15:01  Planetary Fortress x4  
  196  15:09  Command Center  
  196  15:12  Command Center  
  196  15:16  Command Center  
  192  15:40  Terran Vehicle And Ship Armor Level 3  
  192  15:42  Terran Ship Weapons Level 3  
  190  16:51  Battlecruiser  
  196  17:16  Command Center x2  
  196  17:19  Command Center x2  
  196  17:23  Command Center x2  
  196  17:26  Command Center  
  196  17:30  Command Center  
  196  17:31  Command Center  
  196  17:38  Command Center  
  196  17:39  Command Center  
  196  17:44  Planetary Fortress  
Show
View Real Time Build Order
Export as new Build Order

Yata Terran 

Build Orders: MMM Bio 

Get SALT Encoding   

  12  0:00  SCV  
  13  0:18  Supply Depot  
  13  0:20  SCV  
  14  0:34  SCV  
  15  0:46  SCV  
  16  0:50  Barracks  
  16  1:01  SCV  
  17  1:08  Refinery  
  17  1:18  SCV  
  18  1:23  Refinery  
  18  1:40  Orbital Command  
  18  1:45  Supply Depot  
  18  2:02  Engineering Bay  
  18  2:15  Barracks Tech Lab  
  18  2:19  SCV  
  19  2:38  Barracks  
  19  2:41  Reaper  
  19  2:43  Barracks  
  20  3:07  SCV  
  21  3:27  Command Center  
  21  3:39  Factory  
  21  3:41  Refinery  
  21  3:42  SCV  
  22  3:49  Marine  
  22  3:54  Barracks Reactor  
  22  3:55  Barracks Reactor  
  23  4:15  Marine  
  24  4:30  Marine  
  25  4:32  Marine  
  25  4:33  Marine x2  
  25  4:34  Marine  
  30  4:52  SCV  
  30  5:17  SCV  
  32  5:21  Orbital Command  
  31  5:41  Factory Tech Lab  
  31  5:47  Stimpack  
  31  5:50  Marine x5  
  36  5:58  SCV x2  
  38  6:07  Marine  
  38  6:08  Marine x4  
  38  6:09  Missile Turret  
  38  6:10  SCV, Missile Turret  
  44  6:12  Missile Turret  
  44  6:18  SCV  
  44  6:22  SCV  
  46  6:35  Missile Turret  
  46  6:36  Supply Depot  
  46  6:37  Missile Turret  
  46  6:38  Missile Turret  
  46  6:56  Missile Turret  
  46  6:57  SCV, Marine x3  
  46  6:58  Supply Depot  
  46  6:59  Siege Tank  
  53  7:03  Missile Turret  
  53  7:06  Missile Turret  
  46  7:20  Supply Depot  
  45  7:33  Missile Turret  
  45  7:38  Missile Turret  
  45  7:43  Supply Depot  
  39  7:47  Combat Shields  
  39  7:49  Marine x3  
  39  7:50  Marine x2  
  43  7:56  Missile Turret  
  43  8:06  Siege Tank  
  43  8:07  Marine x4  
  50  8:21  Armory  
  50  8:38  Siege Tank  
  47  9:00  Marine x3  
  47  9:01  Marine x2  
  48  9:10  Siege Tank  
  48  9:12  Starport  
  51  9:18  Marine x4  
  51  9:19  Marine  
  56  9:29  Terran Vehicle Weapons Level 1  
  56  9:36  Marine x5  
  61  9:43  Siege Tank  
  64  9:49  Starport  
  64  9:50  SCV  
  64  9:51  SCV  
  66  9:54  Marine x2  
  68  10:02  SCV  
  69  10:18  Supply Depot  
  69  10:26  Starport  
  69  10:27  Marine  
  70  10:33  Starport Reactor  
  70  10:40  Siege Tank, Marine x4  
  70  10:41  Supply Depot  
  77  10:45  Marine  
  78  10:56  Terran Infantry Weapons Level 1  
  78  11:02  Marine  
  79  11:05  Supply Depot  
  79  11:28  Supply Depot  
  79  11:50  Supply Depot, Marine x4  
  79  11:51  SCV x2, Marine  
  78  12:19  Starport Reactor x2  
  78  12:21  Medivac x2  
  80  12:39  Marine  
  80  12:40  Marine x4  
  84  12:51  Medivac x2  
  84  12:57  Marine x2  
  84  12:58  Marine x3  
  93  13:15  Marine x3  
  93  13:16  Terran Vehicle And Ship Armor Level 1, Marine x2  
  98  13:21  Medivac x2  
  102  13:46  Marine x2  
  102  13:47  Marine x3  
  107  14:04  Marine x4  
  107  14:05  Marine  
  112  14:18  Terran Infantry Armor Level 1  
  111  14:45  Marine  
  111  14:46  Marine x4  
  113  15:03  Marine x3  
  113  15:04  Marine x2  
  117  15:21  Marine  
  118  15:55  Supply Depot  
  118  16:17  Supply Depot, Siege Tank, Marine x5  
  126  16:34  Marine, SCV  
  126  16:35  Marine x2  
  85  16:40  Supply Depot  
  85  16:46  SCV  
  36  16:58  SCV  
  34  17:03  Supply Depot  
  34  17:06  Viking x2  
  34  17:07  Viking x3  
  44  17:12  Viking  
  46  17:27  Supply Depot  
  46  17:36  Viking x2  
  50  17:50  Supply Depot  
  50  18:13  Supply Depot  
Tags
 
Add a new tag
Caveats
  • Supply blocks, unpowered buildings, or Contaminate may cause inaccurate times.
  • Supply counts are checked every 10 seconds.